 Dungeon Crawl Stone Soup version 0.23.0-33-g5e6c059 (webtiles) character file.

Game seed: 2197809124838812906

77 Hasart the Digger (level 4, 0/24 HPs)
             Began as a Deep Elf Earth Elementalist on Feb 26, 2019.
             Slain by a hound (4 damage)
             ... on level 4 of the Dungeon.
             The game lasted 00:04:14 (1904 turns).

Hasart the Digger (Deep Elf Earth Elementalist)     Turns: 1904, Time: 00:04:14

Health: 0/24       AC:  2    Str:  5    XL:     4   Next: 14%
Magic:  1/11       EV: 14    Int: 21    God:
Gold:   87         SH:  0    Dex: 15    Spells: 6/10 levels left

rFire    . . .     SeeInvis .   h - +0 spear
rCold    . . .     Gourm    .   (no shield)
rNeg     . . .     Faith    .   c - +0 robe
rPois    .         Spirit   .   (no helmet)
rElec    .         Reflect  .   (no cloak)
rCorr    .         Harm     .   (no gloves)
MR       .....                  (no boots)
Stlth    ++........             (no amulet)
HPRegen  0.08/turn              (no ring)
MPRegen  0.12/turn              (no ring)

@: no status effects
A: no striking features
a: no special abilities


You were on level 4 of the Dungeon.
You were not hungry.

You visited 1 branch of the dungeon, and saw 3 of its levels.

You collected 87 gold pieces.

Inventory:

Hand Weapons
 h - a +0 spear (weapon)
Armour
 c - a +0 robe (worn)
Scrolls
 a - 4 scrolls of blinking {unknown}
 e - 2 scrolls of identify {unknown}
 g - 3 scrolls of remove curse {unknown}
 i - a scroll of fog {unknown}
 k - a scroll of amnesia {unknown}
 m - 3 scrolls of teleportation {unknown}
 n - a scroll of enchant armour {unknown}
Potions
 j - a potion of resistance {unknown}
 l - 2 potions of mutation {unknown}
Comestibles
 d - 3 rations
 f - 5 chunks of flesh


   Skills:
 + Level 3.4 Dodging
 - Level 2.4 Stealth
 + Level 3.9 Spellcasting
 * Level 0.1 Conjurations
   Level 1.1 Transmutations
 + Level 4.5 Earth Magic


You had 6 spell levels left.
You knew the following spells:

 Your Spells              Type           Power        Failure   Level  Hunger
a - Stone Arrow           Conj/Erth      ##....       14%         3    ###....
b - Sandblast             Erth           ###...       1%          1    None

Your spell library contained the following spells:

 Spells                   Type           Power        Failure   Level  Hunger
 Passwall                 Tmut/Erth      ###.....     6%          2    #......
 Petrify                  Tmut/Erth      ###.....     36%         4    ####...
 Lee's Rapid Deconstruct  Erth           ###.......   45%         5    ######.


Dungeon Overview and Level Annotations

Branches:
Dungeon (2/15)

Altars:
Gozag


Message History

The hound misses you. x2
You barely miss the hound.
The hound is heavily wounded.
The hound bites you.
You barely miss the hound.
The hound is heavily wounded.
The hound closely misses you. x2
You closely miss the hound.
The hound is heavily wounded.
The hound bites you.
* * * LOW HITPOINT WARNING * * *
The hound misses you.
You closely miss the hound.
The hound is heavily wounded.
The hound bites you.
* * * LOW HITPOINT WARNING * * *
You closely miss the hound.
The hound is heavily wounded.
The hound barely misses you. The hound bites you.
You die...

#..........#
#..........#
##........##
####..........###
#..#............#
#.............#>....
#.#...........#[.....
#.#...........# .....
..###.@h.....## .....
#.# ##......## ../.
###########...###
.... #8..#..........#
#_.............#
#8..#........#.....
###########.##..##.
####.##..##.
#...........


You could see a hound.

Vanquished Creatures
  An adder (D:2)
  An ooze (D:2)
  An adder skeleton (D:4)
  A worm (D:2)
  2 dart slugs (D:1)
  3 leopard geckos
  7 bats
  6 giant cockroaches (D:1)
  8 goblins
  5 hobgoblins
  2 kobolds
  A quokka (D:2)
  3 frilled lizards
  6 rats
47 creatures vanquished.

Notes
Turn   | Place    | Note
-------+----------+-------------------------------------------
     0 | D:1      | Hasart the Deep Elf Earth Elementalist began the quest for
                  | the Orb.
     0 | D:1      | Reached XP level 1. HP: 10/10 MP: 6/6
   179 | D:1      | Reached XP level 2. HP: 15/15 MP: 1/8
   745 | D:1      | Reached skill level 4 in Earth Magic
   814 | D:1      | Reached XP level 3. HP: 19/19 MP: 8/10
  1540 | D:2      | Reached XP level 4. HP: 13/24 MP: 11/11
  1793 | D:2      | Learned a level 3 spell: Stone Arrow
  1824 | D:2      | You fall through a shaft for 2 floors!
  1833 | D:4      | Found an opulent altar of Gozag.
  1904 | D:4      | Slain by a hound

Skill      XL: |  1  2 |
---------------+-------+-----
Earth Magic    | 4 |  4.5
Dodging        | 3 |  3.4
Stealth        | |  2.4
Spellcasting   | |  3.9
Conjurations   | |  0.1
Transmutations | |  1.1

Action                   |  1- 3 |  4- 6 || total
-------------------------+-------+-------++-------
Melee: Spear             |   105 |    16 ||   121
 Cast: Sandblast         |    35 |     9 ||    44
       Stone Arrow       |       |     3 ||     3
 Stab: Sleeping          |     8 |       ||     8
  Eat: Chunk             |     2 |     1 ||     3
Armor: Robe              |    25 |     3 ||    28
Dodge: Dodged            |    95 |    18 ||   113
